Map: Blackburn LE

Players

JimRising - Winner!

  • Race: Zerg Zerg

TerraN

  • Race: Terran Terran

Event: DreamHack SC2 Masters 2021 Winter

VOD

Have the link to the VOD?

Description

Time

  • Played on: Sept. 29, 2021, 3:28 p.m.
  • Length: 12:20

All games in this series

Show
View Real Time Build Order
Export as new Build Order

JimRising Zerg - Winner!

Build Orders: Hatch First 

Get SALT Encoding   

  12  0:00  Drone  
  13  0:13  Overlord  
  13  0:17  Drone  
  14  0:33  Drone x2  
  16  0:48  Hatchery  
  15  0:52  Drone  
  15  0:55  Drone  
  17  1:00  Drone  
  18  1:07  Extractor  
  17  1:16  Spawning Pool  
  17  1:18  Drone  
  17  1:21  Drone  
  18  1:29  Drone  
  19  1:41  Drone  
  20  1:51  Overlord  
  20  2:03  Queen x2  
  20  2:04  Zergling x4  
  26  2:08  Metabolic Boost  
  26  2:12  Drone  
  26  2:15  Drone  
  28  2:23  Drone x2  
  28  2:28  Spore Crawler  
  29  2:35  Drone  
  29  2:36  Drone  
  31  2:39  Queen  
  31  2:44  Queen  
  33  2:50  Overlord  
  35  2:53  Overlord  
  35  3:00  Drone  
  36  3:09  Drone x2  
  36  3:12  Drone x5  
  43  3:14  Drone  
  43  3:16  Drone  
  45  3:20  Drone  
  45  3:26  Drone  
  47  3:36  Zergling x4  
  47  3:40  Lair  
  49  3:46  Hatchery  
  46  3:52  Drone  
  46  3:54  Extractor  
  46  3:55  Drone x3  
  49  3:57  Drone  
  49  3:58  Drone, Baneling Nest  
  49  4:01  Zergling x4  
  52  4:09  Extractor  
  51  4:10  Overlord x2  
  51  4:11  Extractor  
  51  4:15  Drone x2  
  52  4:18  Overlord  
  52  4:27  Queen  
  52  4:28  Drone x4  
  58  4:32  Drone x2  
  60  4:44  Spire  
  59  4:46  Drone, Spore Crawler  
  59  4:49  Spore Crawler  
  59  4:51  Zergling x4  
  60  4:56  Drone  
  60  4:57  Drone x2  
  60  4:59  Overseer  
  63  5:04  Drone x3  
  66  5:09  Drone  
  66  5:11  Baneling x4  
  66  5:12  Baneling  
  67  5:14  Baneling  
  67  5:15  Baneling  
  67  5:16  Baneling  
  67  5:17  Spore Crawler  
  67  5:18  Zergling x4  
  68  5:21  Zergling x2  
  68  5:25  Extractor  
  68  5:26  Zergling x6  
  68  5:27  Baneling  
  68  5:35  Baneling x3  
  68  5:36  Zergling x8  
  66  5:53  Drone x2  
  66  5:54  Drone  
  67  5:57  Mutalisk  
  67  5:58  Mutalisk x2  
  67  6:00  Overlord x3  
  67  6:01  Overlord  
  73  6:04  Zerg Flyer Weapons Level 1  
  73  6:11  Centrifugal Hooks  
  73  6:16  Overlord  
  73  6:18  Mutalisk x2  
  73  6:25  Drone x5  
  81  6:29  Mutalisk  
  80  6:34  Extractor  
  80  6:36  Drone x3  
  80  6:38  Mutalisk  
  80  6:39  Mutalisk  
  84  6:46  Mutalisk  
  88  6:50  Drone x2  
  88  6:51  Drone  
  88  6:52  Zergling x6  
  94  6:54  Mutalisk  
  94  6:58  Drone x2  
  98  7:05  Drone x4  
  102  7:11  Mutalisk x2  
  102  7:14  Mutalisk  
  108  7:17  Drone x2  
  108  7:18  Drone x3  
  113  7:23  Zergling x2  
  113  7:24  Evolution Chamber  
  113  7:26  Drone  
  114  7:34  Overlord x2  
  114  7:46  Hatchery, Overlord x2  
  114  7:47  Extractor  
  114  7:48  Extractor  
  114  7:49  Evolution Chamber  
  110  7:55  Zerg Ground Armor Level 1  
  110  7:56  Baneling  
  110  7:57  Baneling x12  
  110  7:59  Zergling x6  
  110  8:03  Zergling x6  
  116  8:10  Zergling x8  
  120  8:15  Drone x2  
  120  8:19  Zerg Melee Weapons Level 1  
  122  8:20  Zerg Flyer Weapons Level 2  
  122  8:23  Drone x3  
  122  8:24  Drone x3  
  128  8:27  Zergling x2  
  128  8:28  Zergling x2  
  128  8:31  Mutalisk x2  
  134  8:36  Zergling x4  
  134  8:37  Zergling x4  
  134  8:39  Baneling x2  
  134  8:40  Mutalisk  
  140  8:43  Overlord  
  140  8:54  Mutalisk x4  
  134  9:08  Mutalisk x2  
  134  9:09  Mutalisk  
  137  9:15  Drone x6  
  132  9:17  Mutalisk x2  
  132  9:22  Drone x4  
  132  9:23  Drone  
  141  9:30  Zergling x10  
  144  9:45  Spore Crawler  
  139  9:47  Spine Crawler  
  139  9:49  Zergling x2  
  139  9:50  Zergling x22  
  139  9:52  Baneling x10  
  146  9:53  Baneling  
  146  9:57  Drone  
  146  9:58  Drone x3  
  150  10:04  Zerg Ground Armor Level 2  
  150  10:11  Baneling  
  150  10:12  Baneling x17  
  150  10:13  Baneling  
  150  10:24  Hatchery  
  150  10:26  Zergling x6  
  152  10:36  Overlord x2  
  152  10:38  Infestation Pit  
  152  10:42  Drone x4  
  149  10:43  Drone  
  149  10:48  Zergling x2  
  149  10:49  Overlord x3  
  149  11:03  Zergling x6  
  152  11:05  Mutalisk x2  
  152  11:10  Zergling x2  
  157  11:11  Zergling x28  
  157  11:14  Mutalisk  
  157  11:18  Drone x3  
  166  11:24  Pneumatized Carapace, Overseer  
  166  11:25  Overseer x2  
  166  11:30  Drone x4  
  166  11:31  Spine Crawler  
  168  11:43  Zergling x2  
  168  11:44  Zergling x18  
  168  11:47  Baneling x13  
  178  11:48  Baneling  
  173  11:59  Overlord x2  
  173  12:00  Overlord x3  
Show
View Real Time Build Order
Export as new Build Order

TerraN Terran 

Build Orders: Reaper Expand, Hellion Banshee 

Get SALT Encoding   

  12  0:00  SCV  
  13  0:12  SCV  
  14  0:17  Supply Depot  
  14  0:24  SCV  
  15  0:38  SCV  
  15  0:40  Barracks  
  16  0:43  Refinery  
  16  0:50  SCV  
  17  1:03  SCV  
  18  1:15  SCV  
  19  1:27  Reaper  
  19  1:28  Orbital Command  
  20  1:40  Command Center  
  20  1:49  Supply Depot  
  20  1:53  SCV  
  21  1:59  Marine  
  22  2:05  SCV  
  23  2:09  Factory  
  23  2:17  SCV  
  23  2:19  Refinery  
  23  2:22  Barracks Reactor  
  24  2:29  SCV  
  24  2:41  SCV  
  25  2:53  SCV  
  25  2:55  Starport, Orbital Command  
  26  3:02  Hellion x2  
  30  3:06  SCV  
  30  3:08  Barracks Tech Lab  
  31  3:18  SCV  
  32  3:21  SCV  
  32  3:23  Hellion x2  
  37  3:29  Supply Depot  
  37  3:30  SCV  
  37  3:46  Cloaking Field, Banshee  
  37  3:48  Hellion x2  
  43  3:49  SCV x2  
  43  3:55  Supply Depot  
  45  4:01  SCV  
  46  4:04  SCV  
  46  4:09  Hellion  
  51  4:10  Hellion  
  51  4:13  SCV  
  51  4:17  Supply Depot, SCV  
  53  4:25  SCV  
  53  4:29  Banshee, SCV  
  58  4:33  Armory  
  58  4:35  Hellion x2  
  62  4:42  SCV  
  62  4:43  SCV  
  64  4:46  Supply Depot  
  64  4:48  Supply Depot  
  64  4:55  SCV  
  65  5:00  Barracks  
  65  5:02  SCV, Barracks  
  67  5:07  SCV  
  67  5:08  Barracks Tech Lab  
  67  5:09  Supply Depot  
  67  5:10  Factory Reactor  
  67  5:16  SCV  
  69  5:21  SCV  
  69  5:23  Starport Reactor  
  69  5:28  SCV  
  66  5:41  SCV x2  
  57  5:45  Stimpack, Engineering Bay  
  57  5:46  Hellion x4, Engineering Bay  
  57  5:50  Command Center  
  57  5:53  SCV x2  
  59  6:00  Refinery x2, Marine  
  59  6:01  Marine  
  59  6:02  Marine  
  59  6:03  Factory Reactor  
  62  6:05  SCV  
  62  6:06  Marine x2  
  62  6:08  SCV  
  62  6:10  Starport Reactor  
  62  6:11  Terran Infantry Weapons Level 1  
  66  6:12  Terran Infantry Armor Level 1  
  65  6:18  Marine  
  65  6:19  Marine x2  
  65  6:23  Marine  
  65  6:24  Marine  
  70  6:29  Missile Turret  
  62  6:33  Widow Mine x2  
  62  6:35  Missile Turret  
  62  6:36  Marine  
  62  6:37  Missile Turret, Marine x2  
  69  6:41  Missile Turret, Marine x2  
  71  6:54  Marine  
  71  6:55  SCV, Marine x2  
  71  6:56  SCV  
  71  6:59  Marine x2  
  71  7:00  Widow Mine x2  
  82  7:03  Medivac, Orbital Command  
  82  7:04  Medivac  
  85  7:12  Marine  
  85  7:13  Marine  
  86  7:16  Marine  
  86  7:17  Marine  
  86  7:21  Barracks  
  86  7:22  SCV x2, Barracks  
  90  7:26  Widow Mine x2  
  94  7:35  Supply Depot, Marine x2  
  94  7:36  Supply Depot x3  
  96  7:42  SCV  
  96  7:43  Marine x2  
  99  7:46  Combat Shield  
  99  7:50  Marine  
  97  7:51  Medivac  
  97  7:52  Medivac  
  97  7:56  Marine  
  102  8:01  SCV x2  
  102  8:02  Supply Depot  
  104  8:13  Orbital Command  
  104  8:18  Marine x4  
  112  8:20  Widow Mine x2, Barracks Reactor  
  112  8:21  Barracks Reactor  
  112  8:24  Missile Turret  
  112  8:30  SCV x2  
  112  8:31  Supply Depot  
  112  8:32  Missile Turret  
  114  8:39  Missile Turret, Marine  
  114  8:40  Supply Depot  
  115  8:43  Medivac  
  115  8:44  Marine  
  115  8:46  Marine  
  119  8:54  Marine x2  
  91  9:09  Marine  
  63  9:10  Marine  
  63  9:11  Marine x2  
  63  9:12  Marine  
  63  9:13  Marine x3  
  63  9:16  Widow Mine x2  
  73  9:19  SCV x2  
  73  9:20  SCV, Marine  
  77  9:27  Marine x2  
  77  9:29  Marine  
  80  9:33  Marine  
  80  9:36  Marine x2  
  81  9:38  Missile Turret  
  72  9:46  Marine x3  
  72  9:48  Widow Mine x2  
  72  9:51  Marine x2  
  79  9:53  Marine  
  79  9:54  Marine  
  81  10:04  Marine x2  
  81  10:05  Medivac x2  
  87  10:07  Marine x2  
  87  10:09  Widow Mine x2  
  87  10:13  SCV x3  
  96  10:25  SCV x3, Marine  
  96  10:26  Marine  
  101  10:33  Marine x2  
  103  10:37  Widow Mine x2, SCV  
  103  10:41  SCV  
  103  10:42  SCV  
  97  10:44  Marine x2  
  97  10:45  Marine  
  97  10:46  Marine  
  97  10:49  SCV, Marine  
  103  10:54  SCV x2  
  103  10:56  Marine x2  
  105  11:01  Marine x2  
  101  11:04  Marine  
  101  11:05  Marine x2  
  101  11:07  Marine  
  101  11:12  Marine  
  101  11:14  Marine  
  104  11:18  SCV x2  
  104  11:20  SCV  
  104  11:22  Marine  
  107  11:30  Marine  
  108  11:39  Marine  
  109  11:46  Marine  
  106  11:48  Marine x3  
  93  11:59  Marine x3  
  93  12:00  Marine x2  

Tags
 
Add a new tag
Caveats
  • Supply blocks, unpowered buildings, or Contaminate may cause inaccurate times.
  • Supply counts are checked every 10 seconds.